 Dungeon Crawl Stone Soup version 0.29.1-1-gd02db6906a (webtiles) character file.

Game seed: 3662124777659365851

10292 sleeves the Thaumaturge (level 11, -3/82 HPs)
             Began as a Djinni Cinder Acolyte on Sept 30, 2022.
             Was a High Priest of Ignis.
             Slain by a boulder beetle (5 damage)
             ... on level 11 of the Dungeon.
             The game lasted 00:30:31 (17100 turns).

sleeves the Thaumaturge (Djinni Cinder Acolyte)    Turns: 17100, Time: 00:30:31

Health: -3/82      AC:  8    Str: 13    XL:     11   Next: 90%
Gold:   847        EV: 12    Int: 19    God:    Ignis [*****.] SH:  6 Dex: 16

rFire   + + +      SeeInvis .   d - +3 scimitar (elec)
rCold   x . .      Faith    .   D - +0 buckler
rNeg    . . .      Spirit   .   G - +0 steam dragon scales
rPois   ∞          Reflect  .   r - +1 helmet
rElec   .          Harm     .   (no cloak)
rCorr   .          Rampage  .   s - +0 pair of gloves
Will    +....                   (boots unavailable)
Stlth   +.........              (no amulet)
HPRegen 0.23/turn               t - ring of protection from fire
MPRegen 0.00/turn               F - +6 ring of dexterity

@: flying
A: sickness immunity, fire resistance 2, cold vulnerability 1, float, innate
caster, HP casting, extra vitality 1
a: Renounce Religion, Fiery Armour, Foxfire Swarm, Rising Flame


You were on level 11 of the Dungeon.
You worshipped Ignis.
Ignis was extremely pleased with you.
You visited 3 branches of the dungeon, and saw 14 of its levels.

You collected 847 gold pieces.

Inventory:

Hand Weapons
 a - a -1 falchion of flaming
 d - a +3 scimitar of electrocution (weapon)
   (You acquired it on level 2 of the Dungeon)
 w - the +8 arbalest "Datrekkab" {elec, rElec rF- rN+ Dex+6}
   (You found it on level 4 of the Dungeon)

   Any ammunition fired from it occasionally discharges a powerful burst of
   electricity upon striking a foe.
   Dex:       It affects your dexterity (+6).
   rF:        It makes you vulnerable to fire.
   rElec:     It insulates you from electricity.
   rN:        It protects you from negative energy.
Armour
 r - a +1 helmet (worn)
   (You took it off Robin on level 2 of the Dungeon)
 s - a +0 pair of gloves (worn)
   (You found it on level 2 of the Dungeon)
 D - a +0 buckler (worn)
   (You found it on level 6 of the Dungeon)
 G - +0 steam dragon scales (worn)
   (You took it off Maggie on level 8 of the Dungeon)
Magical Staves
 l - a staff of earth
   (You found it on level 2 of the Dungeon)
 B - a staff of conjuration
   (You found it on level 5 of the Dungeon)
Jewellery
 t - a ring of protection from fire (left hand)
   (You found it on level 2 of the Dungeon)
 F - a +6 ring of dexterity (right hand)
   (You found it on level 7 of the Dungeon)
Wands
 b - a wand of charming (5)
   (You found it on level 6 of the Dungeon)
 y - a wand of iceblast (10)
   (You found it on level 5 of the Dungeon)
 E - a wand of mindburst (11)
   (You found it on level 7 of the Dungeon)
Scrolls
 c - a scroll of fog
 f - 2 scrolls of magic mapping
 h - 5 scrolls of vulnerability
 i - a scroll of enchant armour {unknown}
 n - 3 scrolls of enchant weapon
 p - a scroll of noise {unknown}
 q - 3 scrolls of teleportation
 u - a scroll of poison {unknown}
 A - 4 scrolls of blinking
 C - 2 scrolls of immolation
 H - 3 scrolls of silence
Potions
 e - 6 potions of brilliance
 g - 2 potions of haste {unknown}
 j - a potion of attraction {unknown}
 k - 2 potions of ambrosia
 m - 4 potions of might
 o - 2 potions of mutation
 x - 2 potions of flight {unknown}
 z - a potion of berserk rage
 I - 4 potions of resistance
 K - a potion of curing
 L - a potion of heal wounds


   Skills:
 + Level 8.7 Fighting
 + Level 9.4 Long Blades
 + Level 1.4 Armour
 + Level 1.6 Dodging
 - Level 6.0 Shields
 + Level 11.1 Spellcasting


You had 18 spell levels left.
You knew the following spells:

 Your Spells              Type           Power      Damage    Failure   Level
a - Scorch                Fire           100%       2d10      1%          2
b - Foxfire               Conj/Fire      100%       2x1d9     1%          1
c - Wereblood             Tmut           52%        N/A       1%          2
d - Searing Ray           Conj           100%       2d8       1%          2
e - Gell's Gravitas       Tloc           52%        N/A       1%          3
f - Leda's Liquefaction   Hex/Erth       26%        N/A       1%          4
Your spell library was empty.

Dungeon Overview and Level Annotations

Branches:
Dungeon (12/15)            Temple (1/1) D:6            Lair (1/5) D:8
    Orc (0/2) D:11

Altars:
Ashenzari
Cheibriados
Dithmenos
Elyvilon
Fedhas
Gozag
Hepliaklqana
Makhleb
Nemelex Xobeh
Okawaru
Qazlal
Ru
Trog
Uskayaw
Wu Jian
Xom
Yredelemnul
Zin
The Shining One

Shops:
D:10 (

Annotations:
D:8 exclusion: 6 doors
D:9 Erica, Grum


Innate Abilities, Weirdness & Mutations

You are immune to sickness and miasma.
You are immune to poison.
Your flesh is very heat resistant. (rF++)
You are vulnerable to cold. (rC-)
You float through the air rather than walking.
You learn spells naturally, not from books.
Your magical power is your life essence.
You have superior vitality. (+4 MHP)


Message History

The orc hits you with a +0 short sword.
You hit the orc.
You kill the orc!
No target in view!
p - a scroll labelled DUS HUOSCHUCVUODGH You now have 799 gold pieces (gained 20).
Things that are here:
a +0 trident; a +0 plate armour
Things that are here:
a +0 hand axe; an orc corpse
q - 3 scrolls of teleportation (gained 2)
Items here: ( ) [ †.
Okay, then.
You drop 2 scrolls of amnesia.
A troll zombie comes into view.
An acid dragon comes into view.
Found two robes.
You hit the troll zombie.
The troll zombie is lightly damaged.
The troll zombie bites you! The troll zombie claws you.
The troll zombie misses you.
You slash the troll zombie!
The troll zombie is lightly damaged.
The troll zombie bites you. The troll zombie closely misses you.
The troll zombie claws you.
You slash the troll zombie!
The troll zombie is heavily damaged.
The troll zombie closely misses you. The troll zombie barely misses you.
The troll zombie claws you but does no damage.
You slash the troll zombie!
The troll zombie is severely damaged.
You hit the troll zombie.
The troll zombie is severely damaged.
The troll zombie bites you. The troll zombie claws you. x2
You slash the troll zombie!
Lightning courses through the troll zombie!
You destroy the troll zombie!
Your Long Blades skill increases to level 9!
You start resting.
HP restored.
Found a scroll of blinking.
The boulder beetle curls into a ball and begins rolling!
You see here a scroll of blinking.
A - 5 scrolls of blinking (gained 1)
An orc skeleton comes into view.
As you read the scroll of fear, it crumbles to dust.
You assume a fearsome visage.
The orc skeleton is unaffected.
The boulder beetle looks frightened!
Something hits you.
Deactivating autopickup; reactivate with Ctrl-A.
Something hits you!
The boulder beetle leaps!
Something hits you.
As you read the scroll of fear, it crumbles to dust.
You assume a fearsome visage.
The orc skeleton is unaffected.
The boulder beetle looks frightened!
The boulder beetle leaps!
The boulder beetle leaps!
The boulder beetle leaps!
The boulder beetle leaps!
The boulder beetle seems to regain its courage.
Okay, then.
Blink to where?
Press: ? - help, Dir - move target
As you read the scroll of blinking, it crumbles to dust.
Press: ? - help, v - describe, . - travel A stone staircase leading up.
Unknown command.
Unknown command.
Unknown command.
Unknown command.
Unknown command.
There is a stone staircase leading up here.
You fly upwards.
Reactivating autopickup.
The cyclops shouts!
The vampire mosquito closely misses you.
You block the vampire mosquito's attack.
The vampire mosquito barely misses you. The vampire mosquito bites you.
The vampire mosquito bites you but does no damage.
You block the vampire mosquito's attack.
The troll bites you but does no damage. The troll claws you.
The troll misses you.
There is a stone staircase leading down here.
Casting: Scorch (safe; 1% risk of failure)
Confirm with . or Enter, or press ? or * to list all spells.
You don't know that spell.
As you read the scroll of teleportation, it crumbles to dust.
You feel strangely unstable. The vampire mosquito misses you. x2
The vampire mosquito bites you but does no damage.
The vampire mosquito closely misses you.
The troll bites you! The troll closely misses you.
You block the troll's attack.
The cyclops throws a large rock.
The large rock hits you. The vampire mosquito bites you.
* * * LOW HITPOINT WARNING * * *
The troll bites you but does no damage. The troll claws you.
* * * LOW HITPOINT WARNING * * *
The troll claws you.
* * * LOW HITPOINT WARNING * * *
The vampire mosquito bites you but does no damage.
Your surroundings suddenly seem different.
An orc comes into view. It is wielding a +0 whip.
You start resting.
HP restored.
A troll is nearby!
Casting: Scorch (safe; 1% risk of failure)
Confirm with . or Enter, or press ? or * to list all spells.
You can't see any susceptible monsters within range! (Use Z to cast anyway.)
The troll shouts!
You hear a shout! x2
Casting: Scorch (safe; 1% risk of failure)
Confirm with . or Enter, or press ? or * to list all spells.
Flames lash the troll.
The troll is lightly wounded.
The troll's fire resistance burns away.
Casting: Scorch (safe; 1% risk of failure)
Confirm with . or Enter, or press ? or * to list all spells.
Flames lash the troll.
The troll is burned terribly!
The troll is moderately wounded.
An orc comes into view. It is wielding a +0 short sword.
Casting: Scorch (safe; 1% risk of failure)
Confirm with . or Enter, or press ? or * to list all spells.
Flames lash the troll.
The troll is moderately wounded.
The orc shouts!
The troll closely misses you. The troll claws you. The troll claws you!
Casting: Scorch (safe; 1% risk of failure)
Confirm with . or Enter, or press ? or * to list all spells.
Flames lash the troll.
The troll is burned terribly!
The troll is severely wounded.
The troll closely misses you. The troll claws you but does no damage.
The troll claws you.
Casting: Scorch (safe; 1% risk of failure)
Confirm with . or Enter, or press ? or * to list all spells.
Flames lash the troll.
The troll is burned terribly!
The troll is almost dead.
You hear a shout!
You block the troll's attack. The troll claws you but does no damage.
The troll barely misses you.
An orc wizard comes into view. It is wielding a +0 dagger.
Casting: Scorch (safe; 1% risk of failure)
Confirm with . or Enter, or press ? or * to list all spells.
Flames lash the troll.
The troll is burned terribly!
You kill the troll!
You hear a shout!
An orc comes into view. It is wielding a +0 trident.
You barely miss the orc. You block the orc's attack.
You completely miss the orc. The orc hits you but does no damage.
The orc wizard mumbles some strange words.
The orc wizard flickers and vanishes!
Deactivating autopickup; reactivate with Ctrl-A.
Casting: Scorch (safe; 1% risk of failure)
Confirm with . or Enter, or press ? or * to list all spells.
Your blood is infused with primal strength.
The orc hits you but does no damage.
You closely miss the orc. You block the orc's attack.
You barely miss the orc. The orc closely misses you.
You slash the orc! Lightning courses through the orc!
You feel a bit better.
You kill the orc!
You slash something! Something hits you.
You slash something!
You feel a bit better.
Reactivating autopickup.
You feel a bit more experienced.
You slash the orc! Lightning courses through the orc!
You feel a bit better.
You kill the orc!
The orc closely misses you.
Items here: ( ))) [[[ †.
You hit the orc.
The orc is heavily wounded.
The orc misses you.
You hit the orc.
You feel a bit better.
You kill the orc!
Things that are here:
a +0 trident; a +0 ring mail You howl as the wereblood boils in your veins!
Found a stone staircase leading down.
You howl as the wereblood boils in your veins!
You howl as the wereblood boils in your veins!
You howl as the wereblood boils in your veins!
Your primal bloodlust is almost over.
Your primal bloodlust has ended.
Found a scroll of teleportation.
A gargoyle comes into view. It is wielding a +0 morningstar.
The gargoyle moves out of view.
Found a scroll of identify.
q - 3 scrolls of teleportation (gained 1)
Found a helmet.
An orc comes into view. It is wielding a +0 whip.
The orc shouts!
You hear a shout!
An orc is nearby!
An orc is nearby!
An orc is nearby!
The vampire mosquito buzzes angrily.
You hear a shout!
The vampire mosquito completely misses you.
You block the vampire mosquito's attack.
The vampire mosquito attacks as you move away!
You block the vampire mosquito's attack.
The vampire mosquito closely misses you.
The vampire mosquito bites you but does no damage.
The vampire mosquito attacks as you move away!
The vampire mosquito closely misses you.
The vampire mosquito barely misses you.
You closely miss the vampire mosquito. The vampire mosquito barely misses you.
The vampire mosquito bites you but does no damage.
You hit the vampire mosquito.
Lightning courses through the vampire mosquito!
The vampire mosquito is almost destroyed.
You block the vampire mosquito's attack.
The vampire mosquito bites you but does no damage.
Casting: Wereblood (safe; 1% risk of failure)
Confirm with . or Enter, or press ? or * to list all spells.
Your blood is infused with primal strength.
The vampire mosquito misses you. The vampire mosquito bites you.
You slash the vampire mosquito!
Lightning courses through the vampire mosquito!
You feel a bit better.
You destroy the vampire mosquito!
No target in view!
No target in view!
No target in view!
You see here a vampire mosquito corpse.
You see here a vampire mosquito corpse.
The orc barely misses you.
The vampire mosquito buzzes angrily.
You hit the orc.
The orc is heavily wounded.
The orc hits you but does no damage.
You hit the orc.
The orc is almost dead.
The orc barely misses you.
You slash the orc! Lightning courses through the orc!
You kill the orc!
The vampire mosquito bites you.
You miss the vampire mosquito. The vampire mosquito bites you.
The vampire mosquito bites you but does no damage.
You slash the vampire mosquito!
The vampire mosquito is heavily damaged.
You block the vampire mosquito's attack.
The vampire mosquito closely misses you.
You closely miss the vampire mosquito.
The vampire mosquito is heavily damaged.
The vampire mosquito barely misses you.
You block the vampire mosquito's attack.
You barely miss the vampire mosquito.
The vampire mosquito is heavily damaged.
The vampire mosquito bites you but does no damage.
You block the vampire mosquito's attack.
You hit the vampire mosquito but do no damage.
The vampire mosquito is heavily damaged.
You block the vampire mosquito's attack.
The vampire mosquito bites you!
You hit the vampire mosquito.
The vampire mosquito is severely damaged.
The vampire mosquito bites you but does no damage.
The vampire mosquito misses you.
You closely miss the vampire mosquito.
The vampire mosquito is severely damaged.
The vampire mosquito bites you.
You block the vampire mosquito's attack.
You slash the vampire mosquito!
Lightning courses through the vampire mosquito!
You feel a bit better.
You destroy the vampire mosquito!
No target in view!
You see here a vampire mosquito corpse.
You start resting.
You howl as the wereblood boils in your veins!
You start resting.
You howl as the wereblood boils in your veins!
You start resting.
You howl as the wereblood boils in your veins!
Unknown command.
You start resting.
Your primal bloodlust is almost over.
Unknown command.
You start resting.
Your primal bloodlust has ended.
Unknown command.
HP restored.
The cyclops shouts!
There is a stone staircase leading down here.
You fly downwards.
The cyclops shouts!
The acid dragon roars!
There is a stone staircase leading up here.
The seven-headed hydra roars!
You fly upwards.
There is a stone staircase leading down here.
A vampire mosquito comes into view.
The vampire mosquito buzzes angrily.
A vampire mosquito is nearby!
A vampire mosquito comes into view.
The vampire mosquito buzzes angrily.
The vampire mosquito bites you!
Casting: Wereblood (safe; 1% risk of failure)
Confirm with . or Enter, or press ? or * to list all spells.
Your blood is infused with primal strength.
The vampire mosquito bites you.
You block the vampire mosquito's attack.
You barely miss the vampire mosquito.
The vampire mosquito closely misses you.
The vampire mosquito barely misses you.
You hit the vampire mosquito.
Lightning courses through the vampire mosquito!
The vampire mosquito is severely damaged.
You block the vampire mosquito's attack.
The vampire mosquito closely misses you.
You slash the vampire mosquito!
You feel a bit better.
You destroy the vampire mosquito!
You howl as the wereblood boils in your veins!
The vampire mosquito bites you but does no damage.
You barely miss the vampire mosquito.
You howl as the wereblood boils in your veins!
The vampire mosquito bites you!
You slash the vampire mosquito!
The vampire mosquito is moderately damaged.
The vampire mosquito closely misses you.
You block the vampire mosquito's attack.
You slash the vampire mosquito!
You feel a bit better.
You destroy the vampire mosquito!
No target in view!
You see here a vampire mosquito corpse.
You howl as the wereblood boils in your veins!
You howl as the wereblood boils in your veins!
You howl as the wereblood boils in your veins!
You howl as the wereblood boils in your veins!
You howl as the wereblood boils in your veins!
You howl as the wereblood boils in your veins!
Your primal bloodlust is almost over.
Your primal bloodlust has ended.
HP restored.
Found a cyan potion.
g - 2 cyan potions (gained 1)
Found a stone staircase leading up.
Found a stone staircase leading up.
There is a stone staircase leading up here.
You fly upwards.
Level annotation: Grum
There is a stone staircase leading down here.
Erica the Fiery-Tempered comes into view.
She is wielding a +1 scimitar of flaming.
Erica is nearby!
Erica is nearby!
Press: ? - help, v - describe, . - travel
Here: Erica, wielding a +1 scimitar of flaming and wearing a +0 robe (wandering, hasn't noticed you)
The floor.
Unknown command.
Unknown command.
You see here a -2 spear.
Okay, then.
Unknown command.
You see here a -2 spear.
There is a stone staircase leading up here.
(D) Dungeon (T) Temple (L) Lair (O) Orcish Mines
Where to? (Enter - D:9 @ (x,y), ? - help)
What level of the Lair of Beasts? (default 1, ? - help)
You fly upwards.
Level annotation: exclusion: 6 doors
There is a stone staircase leading down here.
There is a staircase to the Lair here.
You fly downwards.
Welcome to the Lair of Beasts!
You feel a wave of frost pass over you.
There is an entrance to an ice cave on this level.
Hurry and find it before the portal melts!
Found 13 gold pieces.
Found a stone staircase leading down.
There is a staircase back to the Dungeon here.
Unknown command.
Unknown command.
Saving game... please wait.
You feel a wave of frost pass over you.
There is an entrance to an ice cave on this level.
Hurry and find it before the portal melts!
Welcome back, sleeves the Djinni Cinder Acolyte.
The flames of Ignis gently warm you.
Press ? for a list of commands and other information.
Okay, then.
Okay, then.
A basilisk comes into view.
The basilisk hisses angrily.
The basilisk gazes at you.
You easily resist.
Cast which spell? (? or * to list)
You can't see any susceptible monsters within range! (Use Z to cast anyway.) Cast which spell? (? or * to list)
You conjure some foxfire!
The basilisk gazes at you.
You easily resist.
Casting: Foxfire (safe; 1% risk of failure)
Confirm with . or Enter, or press ? or * to list all spells.
You conjure some foxfire!
The foxfire hits the basilisk!
The basilisk is moderately wounded.
Casting: Foxfire (safe; 1% risk of failure)
Confirm with . or Enter, or press ? or * to list all spells.
You conjure some foxfire!
The foxfire hits the basilisk but does no damage.
The basilisk is moderately wounded.
The foxfire hits the basilisk but does no damage.
The basilisk is moderately wounded.
The foxfire hits the basilisk.
The basilisk is moderately wounded.
Casting: Foxfire (safe; 1% risk of failure)
Confirm with . or Enter, or press ? or * to list all spells.
You conjure some foxfire!
The foxfire hits the basilisk.
The basilisk is moderately wounded.
The foxfire hits the basilisk but does no damage.
The basilisk is moderately wounded.
Casting: Foxfire (safe; 1% risk of failure)
Confirm with . or Enter, or press ? or * to list all spells.
You conjure some foxfire!
The foxfire hits the basilisk.
The basilisk is heavily wounded.
The foxfire hits the basilisk.
The basilisk is heavily wounded.
Casting: Foxfire (safe; 1% risk of failure)
Confirm with . or Enter, or press ? or * to list all spells.
You can't see any susceptible monsters within range! (Use Z to cast anyway.) Unknown command.
Casting: Foxfire (safe; 1% risk of failure)
Confirm with . or Enter, or press ? or * to list all spells.
You conjure some foxfire!
The foxfire hits the basilisk but does no damage.
The basilisk is heavily wounded.
The foxfire hits the basilisk.
The basilisk is severely wounded.
Unknown command.
Casting: Foxfire (safe; 1% risk of failure)
Confirm with . or Enter, or press ? or * to list all spells.
Flames lash the basilisk.
The basilisk is almost dead.
The basilisk's fire resistance burns away.
The foxfire hits the basilisk but does no damage.
The basilisk is almost dead.
The foxfire hits the basilisk.
The basilisk is burned terribly!
You kill the basilisk!
Your Spellcasting skill increases to level 11!
You now have 812 gold pieces (gained 13).
There is a staircase back to the Dungeon here.
Found 14 gold pieces.
Found a stone staircase leading down.
Found a robe.
You now have 826 gold pieces (gained 14).
HP restored.
A death yak comes into view.
The death yak bellows!
You hear a bellow!
You hear the faint crackling of a very distant melting archway.
Found a leather armour.
There is a staircase back to the Dungeon here.
Casting: Scorch (safe; 1% risk of failure)
Confirm with . or Enter, or press ? or * to list all spells.
You conjure some foxfire!
Casting: Foxfire (safe; 1% risk of failure)
Confirm with . or Enter, or press ? or * to list all spells.
You conjure some foxfire!
The foxfire hits the death yak.
The death yak is lightly wounded.
The foxfire hits the death yak but does no damage.
The death yak is lightly wounded.
Casting: Foxfire (safe; 1% risk of failure)
Confirm with . or Enter, or press ? or * to list all spells.
You conjure some foxfire!
The foxfire hits the death yak but does no damage.
The death yak is lightly wounded.
The foxfire hits the death yak but does no damage.
Casting: Foxfire (safe; 1% risk of failure)
Confirm with . or Enter, or press ? or * to list all spells.
Flames lash the death yak.
The death yak is lightly wounded.
The death yak's fire resistance burns away.
You hear a bellow! x2
The foxfire hits the death yak!
The death yak is burned terribly!
The death yak is lightly wounded.
The foxfire hits the death yak but does no damage.
The death yak is lightly wounded.
Casting: Scorch (safe; 1% risk of failure)
Confirm with . or Enter, or press ? or * to list all spells.
Flames lash the death yak.
The death yak is lightly wounded.
A death yak comes into view.
Casting: Scorch (safe; 1% risk of failure)
Confirm with . or Enter, or press ? or * to list all spells.
You don't know that spell.
You fly upwards.
Welcome back to the Dungeon!
Level annotation: exclusion: 6 doors
There is a staircase to the Lair here.
You see here 4 stones.
There is a stone staircase leading down here.
You fly downwards.
Level annotation: Erica, Grum
There is a stone staircase leading up here.
(D) Dungeon (T) Temple (L) Lair (O) Orcish Mines
Where to? (Enter - D:8 @ (x,y), ? - help)
There is a stone staircase leading up here.
HP restored.
There is an escape hatch in the ceiling here.
There is a stone staircase leading down here.
You fly downwards.
Level annotation: exclusion: downstairs
There is a stone staircase leading up here.
(D) Dungeon (T) Temple (L) Lair (O) Orcish Mines
Where to? (Enter - D:10, ? - help)
There is a stone staircase leading down here.
A gargoyle is nearby!
There is a stone staircase leading down here.
Unknown command.
There is a stone staircase leading up here.
Casting: Scorch (safe; 1% risk of failure)
Confirm with . or Enter, or press ? or * to list all spells.
You can't see any susceptible monsters within range! (Use Z to cast anyway.)
Casting: Scorch (safe; 1% risk of failure)
Confirm with . or Enter, or press ? or * to list all spells.
You conjure some foxfire!
Casting: Foxfire (safe; 1% risk of failure)
Confirm with . or Enter, or press ? or * to list all spells.
Flames lash the gargoyle.
The gargoyle is lightly damaged.
The gargoyle's fire resistance burns away.
The foxfire hits the gargoyle but does no damage.
The gargoyle is lightly damaged.
The foxfire hits the gargoyle but does no damage.
The gargoyle is lightly damaged.
The gargoyle hurls a stone arrow at you.
The stone arrow hits you!!
Casting: Scorch (safe; 1% risk of failure)
Confirm with . or Enter, or press ? or * to list all spells.
Flames lash the gargoyle.
The gargoyle is burned terribly!
You destroy the gargoyle!
A steam dragon comes into view.
A steam dragon is nearby!
A steam dragon is nearby!
The steam dragon hisses angrily.
Casting: Scorch (safe; 1% risk of failure)
Confirm with . or Enter, or press ? or * to list all spells.
You conjure some foxfire!
Casting: Foxfire (safe; 1% risk of failure)
Confirm with . or Enter, or press ? or * to list all spells.
You conjure some foxfire!
The foxfire hits the steam dragon!
The steam dragon is moderately wounded.
The steam dragon breathes steam at you. The ball of steam hits your foxfire.
Your foxfire resists.
The ball of steam hits you but does no damage.
You resist.
Casting: Foxfire (safe; 1% risk of failure)
Confirm with . or Enter, or press ? or * to list all spells.
You can't see any susceptible monsters within range! (Use Z to cast anyway.) Unknown command.
Your foxfire dissipates!
The foxfire hits the steam dragon but does no damage.
The steam dragon is moderately wounded.
The foxfire hits the steam dragon!
The steam dragon is heavily wounded.
Casting: Foxfire (safe; 1% risk of failure)
Confirm with . or Enter, or press ? or * to list all spells.
You conjure some foxfire!
Casting: Foxfire (safe; 1% risk of failure)
Confirm with . or Enter, or press ? or * to list all spells.
Flames lash the steam dragon.
The steam dragon is severely wounded.
The steam dragon's fire resistance burns away.
The foxfire hits the steam dragon.
The steam dragon is burned terribly!
The steam dragon is almost dead.
The foxfire hits the steam dragon.
The steam dragon is almost dead.
The steam dragon breathes steam at you. The ball of steam misses you.
The steam dragon barely misses you. You block the steam dragon's attack.
You hit the steam dragon.
The steam dragon is almost dead.
The steam dragon bites you. The steam dragon barely misses you.
You slash the steam dragon!
You kill the steam dragon!
You see here a steam dragon corpse.
HP restored.
Found a war axe.
You see here a +0 war axe.
You see here a +0 war axe.
Found a leather armour.
You need no library to learn spells.
Unknown command.
The cyclops shouts!
The cyclops throws a large rock.
The large rock hits you!!!
A cyclops is nearby!
A cyclops is nearby!
There is a stone staircase leading up here.
You fly upwards.
Level annotation: Erica, Grum
There is a stone staircase leading down here.
You start resting.
HP restored.
You fly downwards.
Level annotation: exclusion: downstairs You block the cyclops's attack.
There is a stone staircase leading up here.
A cyclops is nearby!
A cyclops is nearby!
Flames lash the cyclops.
The cyclops is lightly wounded.
The cyclops's fire resistance burns away.
The cyclops hits you.
Flames lash the cyclops.
The cyclops is burned terribly!
The cyclops is heavily wounded.
The cyclops barely misses you.
Flames lash the cyclops.
The cyclops is burned terribly!
The cyclops is severely wounded.
Flames lash the cyclops.
The cyclops is burned terribly!
The cyclops is severely wounded.
The cyclops hits you!!
You are too injured to fight recklessly!
Casting: Scorch (safe; 1% risk of failure)
Confirm with . or Enter, or press ? or * to list all spells.
Flames lash the cyclops.
The cyclops is burned terribly!
The cyclops is almost dead.
The cyclops closely misses you.
Casting: Scorch (safe; 1% risk of failure)
Confirm with . or Enter, or press ? or * to list all spells.
Flames lash the cyclops.
The cyclops is burned terribly!
You kill the cyclops!
HP restored.
Key pressed, stopping explore.
There is a stone staircase leading down here.
An orc warrior comes into view. It is wielding a +0 flail.
An orc warrior is nearby!
The orc warrior shouts!
The orc warrior throws a stone.
The stone hits you but does no damage.
You can't see any susceptible monsters within range! (Use Z to cast anyway.)
Casting: Scorch (safe; 1% risk of failure)
Confirm with . or Enter, or press ? or * to list all spells.
You conjure some foxfire!
An orc comes into view. It is wielding a +0 club.
An orc comes into view. It is wielding a +0 dagger.
Casting: Foxfire (safe; 1% risk of failure)
Confirm with . or Enter, or press ? or * to list all spells.
You conjure some foxfire!
The foxfire hits the orc warrior but does no damage.
The orc warrior throws a stone.
The stone hits you but does no damage.
Casting: Foxfire (safe; 1% risk of failure)
Confirm with . or Enter, or press ? or * to list all spells.
You conjure some foxfire!
The foxfire hits the orc warrior.
The orc warrior is lightly wounded.
The orc warrior drinks a potion.
The orc warrior suddenly seems more resistant.
The foxfire hits the orc warrior but does no damage.
The orc warrior is lightly wounded.
The foxfire hits the orc.
The orc is almost dead.
Casting: Foxfire (safe; 1% risk of failure)
Confirm with . or Enter, or press ? or * to list all spells.
You conjure some foxfire!
The foxfire hits the orc warrior but does no damage.
The orc warrior is lightly wounded.
The foxfire hits the orc warrior but does no damage.
The orc warrior is lightly wounded.
Casting: Foxfire (safe; 1% risk of failure)
Confirm with . or Enter, or press ? or * to list all spells.
You conjure some foxfire!
The foxfire hits the orc warrior.
The orc warrior resists.
The orc warrior is moderately wounded.
The foxfire hits the orc warrior.
The orc warrior resists.
The orc warrior is moderately wounded.
Casting: Foxfire (safe; 1% risk of failure)
Confirm with . or Enter, or press ? or * to list all spells.
Flames lash the orc.
You kill the orc!
The foxfire hits the orc warrior but does no damage.
The orc warrior is moderately wounded.
The foxfire hits the orc warrior.
The orc warrior resists.
The orc warrior is heavily wounded.
The orc warrior throws a stone.
The stone hits you but does no damage.
Casting: Scorch (safe; 1% risk of failure)
Confirm with . or Enter, or press ? or * to list all spells.
Flames lash the orc.
The orc is heavily wounded.
The orc's fire resistance burns away.
Casting: Scorch (safe; 1% risk of failure)
Confirm with . or Enter, or press ? or * to list all spells.
Flames lash the orc.
The orc is burned terribly!
You kill the orc!
The orc warrior hits you with a +0 flail!!
Casting: Scorch (safe; 1% risk of failure)
Confirm with . or Enter, or press ? or * to list all spells.
Flames lash the orc warrior.
The orc warrior resists.
The orc warrior is severely wounded.
The orc warrior's fire resistance burns away.
The orc warrior hits you with a +0 flail!
Casting: Scorch (safe; 1% risk of failure)
Confirm with . or Enter, or press ? or * to list all spells.
Flames lash the orc warrior.
The orc warrior is almost dead.
The orc warrior hits you with a +0 flail!
* * * LOW HITPOINT WARNING * * *
Casting: Scorch (safe; 1% risk of failure)
Confirm with . or Enter, or press ? or * to list all spells.
Flames lash the orc warrior.
You kill the orc warrior!
* * * LOW HITPOINT WARNING * * *
You start resting.
HP restored.
There is a stone staircase leading down here.
H - 2 scrolls labelled YZIOPLAZYA (gained 1)
Things that are here:
a +0 ring mail; a +0 dagger
I - 4 potions of resistance (gained 1);
i - a scroll labelled QOEKUPS IRRYNK
Items here: ( ) [ ÷.
x - 2 fuming amethyst potions (gained 1)
Found Uzoor's Weapon Emporium.
There is an entrance to Uzoor's Weapon Emporium here.
An orc comes into view. It is wielding a +0 club.
The orc shouts!
An orc is nearby!
An orc is nearby!
You can't see any susceptible monsters within range! (Use Z to cast anyway.)
An orc warrior comes into view. It is wielding a +0 war axe.
The orc warrior shouts!
An orc priest comes into view. It is wielding a +0 falchion.
An orc comes into view.
It is wielding a +0 morningstar of protection.
You can't see any susceptible monsters within range! (Use Z to cast anyway.)
You can't see any susceptible monsters within range! (Use Z to cast anyway.) Flames lash the orc.
You kill the orc!
The orc shouts!
The orc priest shouts!
You can't see any susceptible monsters within range! (Use Z to cast anyway.)
Casting: Scorch (safe; 1% risk of failure)
Confirm with . or Enter, or press ? or * to list all spells.
You can't see any susceptible monsters within range! (Use Z to cast anyway.)
You can't see any susceptible monsters within range! (Use Z to cast anyway.)
Casting: Scorch (safe; 1% risk of failure)
Confirm with . or Enter, or press ? or * to list all spells.
You conjure some foxfire!
Flames lash the orc warrior.
The orc warrior is moderately wounded.
The orc warrior's fire resistance burns away.
The foxfire hits the orc warrior!
The orc warrior is burned terribly!
The orc warrior is severely wounded.
The foxfire hits the orc warrior.
The orc warrior is burned terribly!
The orc warrior is almost dead.
The orc priest calls upon Beogh to heal the orc warrior.
The orc warrior is healed somewhat.
Flames lash the orc warrior.
The orc warrior is burned terribly!
You kill the orc warrior!
Your Dodging skill increases to level 1!
Flames lash the orc but do no damage.
Flames lash the orc.
The orc is severely wounded.
The orc's fire resistance burns away.
Flames lash the orc.
The orc is burned terribly!
You kill the orc!
The orc priest hits you with a +0 falchion.
Flames lash the orc priest.
The orc priest is severely wounded.
The orc priest's fire resistance burns away.
The orc priest barely misses you.
Flames lash the orc priest.
The orc priest is burned terribly!
You kill the orc priest!
HP restored.
Things that are here:
a +0 morningstar of protection; a +0 ring mail
Things that are here:
a +0 war axe; a +0 chain mail
Found an escape hatch in the ceiling.
Found a stone staircase leading up.
H - 3 scrolls labelled YZIOPLAZYA (gained 1)
v - a scroll of identify
There is an escape hatch in the ceiling here.
Found a leather armour.
Found an escape hatch in the floor.
v - 2 scrolls of identify (gained 1)
You now have 847 gold pieces (gained 21).
Things that are here:
a +0 ring mail; a +0 whip You see here a +0 leather armour.
Done exploring.
Done exploring.
As you read the scroll of identify, it crumbles to dust.
H - 3 scrolls of silence
As you read the scroll of identify, it crumbles to dust.
C - 2 scrolls of immolation Done exploring.
Done exploring.
Done exploring.
Done exploring.
You see here a +0 leather armour.
There is a stone staircase leading down here.
You fly downwards.
There is a stone staircase leading up here.
Casting: Scorch (safe; 1% risk of failure)
Confirm with . or Enter, or press ? or * to list all spells.
You can't see any susceptible monsters within range! (Use Z to cast anyway.)
Casting: Scorch (safe; 1% risk of failure)
Confirm with . or Enter, or press ? or * to list all spells.
You can't see any susceptible monsters within range! (Use Z to cast anyway.)
Casting: Scorch (safe; 1% risk of failure)
Confirm with . or Enter, or press ? or * to list all spells.
You conjure some foxfire!
Casting: Foxfire (safe; 1% risk of failure)
Confirm with . or Enter, or press ? or * to list all spells.
You conjure some foxfire!
The foxfire hits the seven-headed hydra.
The seven-headed hydra is lightly wounded.
Casting: Foxfire (safe; 1% risk of failure)
Confirm with . or Enter, or press ? or * to list all spells.
You conjure some foxfire!
The foxfire hits the seven-headed hydra.
The seven-headed hydra is lightly wounded.
The foxfire hits the seven-headed hydra.
The seven-headed hydra is lightly wounded.
The foxfire hits the seven-headed hydra.
The seven-headed hydra is lightly wounded.
Casting: Foxfire (safe; 1% risk of failure)
Confirm with . or Enter, or press ? or * to list all spells.
Flames lash the seven-headed hydra.
The seven-headed hydra is moderately wounded.
The seven-headed hydra's fire resistance burns away.
You hear a roar! x2
The foxfire hits the seven-headed hydra!
The seven-headed hydra is burned terribly!
The seven-headed hydra is heavily wounded.
The foxfire hits the seven-headed hydra.
The seven-headed hydra is heavily wounded.
A seven-headed hydra comes into view.
Casting: Scorch (safe; 1% risk of failure)
Confirm with . or Enter, or press ? or * to list all spells.
Flames lash the seven-headed hydra.
The seven-headed hydra is burned terribly!
The seven-headed hydra is almost dead.
Casting: Scorch (safe; 1% risk of failure)
Confirm with . or Enter, or press ? or * to list all spells.
Flames lash the seven-headed hydra.
The seven-headed hydra is burned terribly!
You kill the seven-headed hydra!
Your Armour skill increases to level 1!
You fly upwards.
There is a stone staircase leading down here.
You start resting.
HP restored.
There is a stone staircase leading down here.
Unknown command.
You fly downwards.
There is a stone staircase leading up here.
A boulder beetle is nearby!
There is a stone staircase leading up here.
Casting: Scorch (safe; 1% risk of failure)
Confirm with . or Enter, or press ? or * to list all spells.
You can't see any susceptible monsters within range! (Use Z to cast anyway.)
Casting: Scorch (safe; 1% risk of failure)
Confirm with . or Enter, or press ? or * to list all spells.
You conjure some foxfire!
Casting: Foxfire (safe; 1% risk of failure)
Confirm with . or Enter, or press ? or * to list all spells.
You conjure some foxfire!
Casting: Foxfire (safe; 1% risk of failure)
Confirm with . or Enter, or press ? or * to list all spells.
You conjure some foxfire!
Your foxfire dissipates! x2
Your foxfire dissipates! x2
Casting: Foxfire (safe; 1% risk of failure)
Confirm with . or Enter, or press ? or * to list all spells.
You conjure some foxfire!
Your foxfire dissipates!
Your foxfire dissipates!
Casting: Foxfire (safe; 1% risk of failure)
Confirm with . or Enter, or press ? or * to list all spells.
You conjure some foxfire!
Your foxfire dissipates! x3
Your foxfire dissipates!
Casting: Foxfire (safe; 1% risk of failure)
Confirm with . or Enter, or press ? or * to list all spells.
You conjure some foxfire!
Casting: Foxfire (safe; 1% risk of failure)
Confirm with . or Enter, or press ? or * to list all spells.
You conjure some foxfire!
The foxfire hits the orc skeleton!
You destroy the orc skeleton!
Casting: Foxfire (safe; 1% risk of failure)
Confirm with . or Enter, or press ? or * to list all spells.
You conjure some foxfire!
The foxfire hits the boulder beetle but does no damage.
Casting: Foxfire (safe; 1% risk of failure)
Confirm with . or Enter, or press ? or * to list all spells.
You conjure some foxfire!
The foxfire hits the boulder beetle but does no damage. x3
Casting: Foxfire (safe; 1% risk of failure)
Confirm with . or Enter, or press ? or * to list all spells.
You conjure some foxfire!
The foxfire hits the boulder beetle but does no damage. x2
Casting: Foxfire (safe; 1% risk of failure)
Confirm with . or Enter, or press ? or * to list all spells.
You conjure some foxfire!
The foxfire hits the boulder beetle but does no damage. x3
Casting: Foxfire (safe; 1% risk of failure)
Confirm with . or Enter, or press ? or * to list all spells.
You conjure some foxfire!
The foxfire hits the boulder beetle but does no damage.
The foxfire hits the boulder beetle.
The boulder beetle is lightly wounded.
Casting: Foxfire (safe; 1% risk of failure)
Confirm with . or Enter, or press ? or * to list all spells.
You conjure some foxfire!
The foxfire hits the boulder beetle but does no damage.
The boulder beetle is lightly wounded.
The foxfire hits the boulder beetle.
The boulder beetle is lightly wounded.
Casting: Foxfire (safe; 1% risk of failure)
Confirm with . or Enter, or press ? or * to list all spells.
Flames lash the boulder beetle but do no damage.
The foxfire hits the boulder beetle.
The boulder beetle is lightly wounded.
The foxfire hits the boulder beetle but does no damage.
The boulder beetle is lightly wounded.
The boulder beetle curls into a ball and begins rolling!
Casting: Scorch (safe; 1% risk of failure)
Confirm with . or Enter, or press ? or * to list all spells.
Flames lash the boulder beetle.
The boulder beetle is lightly wounded.
The boulder beetle's fire resistance burns away.
Casting: Scorch (safe; 1% risk of failure)
Confirm with . or Enter, or press ? or * to list all spells.
Flames lash the boulder beetle.
The boulder beetle is burned terribly!
The boulder beetle is moderately wounded.
The boulder beetle closely misses you.
The boulder beetle stops rolling and uncurls.
Casting: Scorch (safe; 1% risk of failure)
Confirm with . or Enter, or press ? or * to list all spells.
Flames lash the boulder beetle but do no damage.
The boulder beetle bites you!!
Casting: Scorch (safe; 1% risk of failure)
Confirm with . or Enter, or press ? or * to list all spells.
Flames lash the boulder beetle.
The boulder beetle is burned terribly!
The boulder beetle is moderately wounded.
The boulder beetle barely misses you.
Aiming: Charm
Press: ? - help, Shift-Dir - straight line, f - boulder beetle
Aim: a boulder beetle (moderately wounded, more vulnerable to fire, chance to affect: 31%)
Okay, then.
Okay, then.
You feel much better. The boulder beetle bites you.
Casting: Scorch (safe; 1% risk of failure)
Confirm with . or Enter, or press ? or * to list all spells.
Flames lash the boulder beetle but do no damage.
The boulder beetle bites you.
Casting: Scorch (safe; 1% risk of failure)
Confirm with . or Enter, or press ? or * to list all spells.
Flames lash the boulder beetle.
The boulder beetle is burned terribly!
The boulder beetle is moderately wounded.
The boulder beetle leaps!
Casting: Scorch (safe; 1% risk of failure)
Confirm with . or Enter, or press ? or * to list all spells.
You conjure some foxfire!
The boulder beetle curls into a ball and begins rolling!
Casting: Foxfire (safe; 1% risk of failure)
Confirm with . or Enter, or press ? or * to list all spells.
You conjure some foxfire!
Casting: Foxfire (safe; 1% risk of failure)
Confirm with . or Enter, or press ? or * to list all spells.
You conjure some foxfire!
The foxfire hits the boulder beetle but does no damage.
The boulder beetle is moderately wounded.
Your foxfire dissipates!
The foxfire hits the boulder beetle but does no damage.
The boulder beetle is moderately wounded.
Casting: Foxfire (safe; 1% risk of failure)
Confirm with . or Enter, or press ? or * to list all spells.
You conjure some foxfire!
The foxfire hits the boulder beetle but does no damage.
The boulder beetle is moderately wounded.
The foxfire hits the boulder beetle but does no damage.
The boulder beetle is moderately wounded.
The foxfire hits the boulder beetle but does no damage.
The boulder beetle is moderately wounded.
Casting: Foxfire (safe; 1% risk of failure)
Confirm with . or Enter, or press ? or * to list all spells.
You conjure some foxfire!
The foxfire hits the boulder beetle but does no damage.
The boulder beetle is moderately wounded.
The foxfire hits the boulder beetle but does no damage.
The boulder beetle is moderately wounded.
Casting: Foxfire (safe; 1% risk of failure)
Confirm with . or Enter, or press ? or * to list all spells.
Flames lash the boulder beetle.
The boulder beetle is burned terribly!
The boulder beetle is heavily wounded.
The foxfire hits the boulder beetle but does no damage.
The boulder beetle is heavily wounded.
The foxfire hits the boulder beetle!
The boulder beetle is burned terribly!
The boulder beetle is heavily wounded.
The boulder beetle closely misses you.
The boulder beetle stops rolling and uncurls.
Casting: Scorch (safe; 1% risk of failure)
Confirm with . or Enter, or press ? or * to list all spells.
Flames lash the boulder beetle.
The boulder beetle is burned terribly!
The boulder beetle is severely wounded.
The boulder beetle completely misses you.
You slash the boulder beetle!
Lightning courses through the boulder beetle!
The boulder beetle is almost dead.
The boulder beetle barely misses you.
You hit the boulder beetle.
The boulder beetle is almost dead.
The boulder beetle bites you!!
* * * LOW HITPOINT WARNING * * *
You hit the boulder beetle but do no damage.
The boulder beetle is almost dead.
The boulder beetle bites you!
* * * LOW HITPOINT WARNING * * *
You hit the boulder beetle but do no damage.
The boulder beetle is almost dead.
The boulder beetle bites you!!
* * * LOW HITPOINT WARNING * * *
You hit the boulder beetle but do no damage.
The boulder beetle is almost dead.
The boulder beetle bites you.
You die...

# #...# #..# #..# # #...# #..#
#..# # #...# #..# #..# # #.<.#
#..# #..#### # ..# #...# #..#
#...... # #..# #...# #..# #..####
# #..# #...# #### #### ## # #..#
#...### ###########. # #..#
#..@..# #...#.#..#.. # #..#
#..B#...#.#.#...##.. ####..#
#...####.#.......##.
......########...# #####..##.##.
.....Z......○....# #.##......##.
........B........#####.......#...
....................##.##.##..#.#
....................##..##.#.#..#
.....>..........######.####...##.


You could see a boulder beetle (combustible).

Vanquished Creatures
  A hydra (D:11)
  A centaur warrior (D:11)
  A cyclops (D:10)
  Maggie (D:8)
  A gargoyle (D:10)
  2 trolls
  A wyvern (D:7)
  12 yaks
  A basilisk (Lair:1)
  A steam dragon (D:10)
  5 vampire mosquitoes
  An acid dragon (D:9)
  An ice beast (D:5)
  5 orc warriors
  2 black bears
  A wolf (D:9)
  A centaur (D:9)
  3 phantoms
  3 kobold brigands
  4 bullfrogs
  3 necrophages
  4 scorpions
  5 wights
  2 troll zombies (D:11)
  3 killer bees (D:6)
  2 howler monkeys (D:7)
  5 orc priests
  3 gnoll boudas
  5 hounds
  3 iguanas
  8 orc wizards
  4 ogre zombies (D:11)
  Robin (D:2)
  17 gnolls
  11 adders
  An ufetubus (D:7)
  3 worms
  2 dart slugs
  43 orcs
  4 ball pythons
  8 bats
  6 endoplasms
  4 giant cockroaches
  12 goblins
  6 hobgoblins
  5 jackals
  3 quokkas
  4 frilled lizards
  A goblin skeleton (D:11)
  3 hobgoblin zombies (D:11)
  13 kobolds
  4 orc skeletons (D:11)
  10 orc zombies (D:11)
  6 rats
262 creatures vanquished.

Vanquished Creatures (collateral kills)
  A manticore (D:11)
  2 gargoyles (D:8)
3 creatures vanquished.

Vanquished Creatures (others)
  An unseen horror (D:11)
  227 foxfires
  A plant (Lair:1)
229 creatures vanquished.

Grand Total: 494 creatures vanquished

Notes
Turn   | Place    | Note
-------+----------+-------------------------------------------
     0 | D:1      | sleeves the Djinni Cinder Acolyte began the quest for the
                  | Orb.
     0 | D:1      | sleeves set off with the following spells memorised:
                  | Scorch.
     0 | D:1      | Reached XP level 1. HP: 20/20 MP: 0/0
   451 | D:1      | Reached XP level 2. HP: 18/25 MP: 0/0
   617 | D:1      | Reached skill level 3 in Spellcasting
   919 | D:1      | Reached XP level 3. HP: 28/30 MP: 0/0
   919 | D:1      | Learned a level 1 spell: Foxfire
   982 | D:1      | Found a faded altar of an unknown god.
  1610 | D:2      | Noticed Robin
  1742 | D:2      | Found a sparkling altar of Nemelex Xobeh.
  1910 | D:2      | HP: 15/30 [worm (6)]
  2637 | D:2      | Reached XP level 4. HP: 28/35 MP: 0/0
  2727 | D:2      | Killed Robin
  3409 | D:3      | Reached skill level 4 in Spellcasting
  3549 | D:3      | Reached XP level 5. HP: 31/40 MP: 0/0
  3549 | D:3      | Learned a level 2 spell: Wereblood
  3552 | D:3      | HP: 18/40 [adder (4)]
  3742 | D:2      | Identified 2 scrolls of acquirement
  3745 | D:2      | Acquired a +3 scimitar of electrocution
  3748 | D:2      | Acquired a manual of Spellcasting
  4158 | D:3      | Reached skill level 3 in Long Blades
  4158 | D:3      | Reached XP level 6. HP: 42/46 MP: 0/0
  4356 | D:4      | Reached skill level 5 in Spellcasting
  4644 | D:4      | Identified the +8 arbalest "Datrekkab" {elec, rElec rF- rN+
                  | Dex+6}
  4659 | D:4      | HP: 21/46 [something/magic dart (4)]
  5057 | D:4      | Found a shimmering altar of Xom.
  5325 | D:4      | Reached XP level 7. HP: 29/50 MP: 0/0
  5325 | D:4      | Learned a level 2 spell: Searing Ray
  5820 | D:5      | Entered Level 5 of the Dungeon
  5929 | D:5      | Reached skill level 4 in Long Blades
  5995 | D:5      | Reached skill level 6 in Spellcasting
  6349 | D:5      | HP: 24/50 [adder (3)]
  6740 | D:5      | Reached skill level 5 in Long Blades
  6740 | D:5      | Reached skill level 7 in Spellcasting
  6740 | D:5      | Reached XP level 8. HP: 41/56 MP: 0/0
  7385 | D:5      | Found a bloodstained altar of Trog.
  7385 | D:5      | Found a hazy altar of Hepliaklqana.
  7385 | D:5      | Found a white marble altar of Elyvilon.
  7690 | D:6      | HP: 24/56 [killer bee (5)]
  8477 | D:6      | Found a staircase to the Ecumenical Temple.
  8556 | Temple   | Entered the Ecumenical Temple
  8970 | D:7      | Reached skill level 6 in Long Blades
  8973 | D:7      | Reached skill level 1 in Shields
  8973 | D:7      | Reached skill level 8 in Spellcasting
  9103 | D:7      | Reached skill level 4 in Fighting
  9103 | D:7      | Reached XP level 9. HP: 55/62 MP: 0/0
  9103 | D:7      | Learned a level 3 spell: Gell's Gravitas
  9285 | D:7      | Reached skill level 2 in Shields
  9655 | D:7      | Reached skill level 3 in Shields
 10063 | D:8      | Noticed Maggie
 10073 | D:8      | Killed Maggie
 10074 | D:8      | Reached skill level 5 in Fighting
 10074 | D:8      | Reached skill level 9 in Spellcasting
 10322 | D:8      | Found an ornate altar of the Wu Jian Council.
 10385 | D:8      | Reached skill level 7 in Long Blades
 10534 | D:8      | Reached skill level 4 in Shields
 10534 | D:8      | Reached XP level 10. HP: 51/70 MP: 0/0
 10541 | D:8      | HP: 30/70 [wight/+3 halberd (9)]
 11259 | D:8      | Noticed a gargoyle
 11267 | D:8      | Killed a gargoyle
 11268 | D:8      | Reached skill level 6 in Fighting
 11269 | D:8      | Noticed a gargoyle
 11280 | D:8      | Killed a gargoyle
 11451 | D:8      | Found a staircase to the Lair.
 11506 | D:8      | Noticed a two-headed ogre
 11931 | D:9      | Reached skill level 5 in Shields
 12066 | D:9      | Reached skill level 10 in Spellcasting
 12085 | D:9      | Reached skill level 8 in Long Blades
 12227 | D:8      | Reached skill level 7 in Fighting
 12350 | D:9      | Reached XP level 11. HP: 63/79 MP: 0/0
 12350 | D:9      | Learned a level 4 spell: Leda's Liquefaction
 12456 | D:9      | Reached skill level 6 in Shields
 12459 | D:9      | HP: 37/79 [orc warrior/+0 dire flail (13)]
 12483 | D:8      | HP: 13/79 [two-headed ogre/+0 giant spiked club (5)]
 13021 | D:9      | Noticed Grum
 13041 | D:9      | HP: 37/79 [wolf[Grum] (5)]
 13045 | D:9      | HP: 13/79 [wolf[Grum] (8)]
 13542 | D:9      | You are sucked into a shaft and drop 2 floors!
 13602 | D:11     | Noticed a boulder beetle
 13630 | D:10     | Entered Level 10 of the Dungeon
 13877 | D:11     | Found a staircase to the Orcish Mines.
 13966 | D:11     | Noticed a centaur warrior
 13982 | D:11     | HP: 35/79 [centaur warrior (9)]
 13984 | D:11     | HP: 17/79 [centaur warrior (8)]
 13985 | D:11     | Killed a centaur warrior
 14268 | D:11     | Noticed a manticore
 14305 | D:11     | Killed a manticore
 14306 | D:11     | Reached skill level 8 in Fighting
 14675 | D:11     | Reached skill level 9 in Long Blades
 14878 | D:10     | Noticed a cyclops
 14880 | D:10     | HP: 40/81 [vampire mosquito (5)]
 15334 | D:11     | Noticed a cyclops
 15334 | D:11     | Noticed a seven-headed hydra
 15541 | D:9      | Noticed Erica
 15636 | Lair:1   | Entered Level 1 of the Lair of Beasts
 15647 | Lair:1   | Reached skill level 11 in Spellcasting
 15680 | Lair:1   | Noticed a death yak
 15707 | Lair:1   | Noticed a death yak
 16173 | D:10     | Killed a cyclops
 16388 | D:10     | HP: 30/82 [orc warrior/+0 flail (12)]
 16663 | D:10     | Found Uzoor's Weapon Emporium.
 16678 | D:10     | Reached skill level 1 in Dodging
 17017 | D:11     | Noticed a seven-headed hydra
 17019 | D:11     | Killed a seven-headed hydra
 17020 | D:11     | Reached skill level 1 in Armour
 17097 | D:11     | HP: 35/82 [boulder beetle (19)]
 17099 | D:11     | HP: 2/82 [boulder beetle (19)]
 17100 | D:11     | Slain by a boulder beetle

Illustrated notes

Levels and vault maps discovered:
D:1:      eino_arrival_cavern_a, layout_basic,
          shapermc_ecumenical_altar_starsandcircs, nrook_loot_triangle,
          minmay_hedge_maze, minmay_close_crescents
D:2:      kennysheep_six_static_rooms, layout_loops_cross, basic_altar,
          uniq_robin
D:3:      layout_rooms, kennysheep_generic_room_13
D:4:      layout_basic, xom_teletrap_fun, kennysheep_mini, dk_noncrumbling_4,
          dk_vineyard_3
D:5:      layout_layer_cave, gammafunk_temple_overflow_claw, st_stairs_6
D:6:      layout_loops_cross, minmay_temple_entry_antechambers,
          chequers_serial_rivers_large_b
D:7:      layout_basic
D:8:      cheibrodos_statue_roulette, layout_loops_ring,
          pdpol_wu_jian_five_deadly_venoms, uniq_maggie
D:9:      minmay_evil_eye, layout_small_grid, uniq_grum, uniq_erica
D:10:     layout_long_grid, serial_shops, shop
D:11:     layout_long_grid, zombieorc1_lemuel, kennysheep_generic_room_4
D:12:     layout_roguey [special_room_orc]
Temple:   lightli_temple_of_artemis
Lair:1:   layout_regular_city, portal_ice_cave_entry_pillars_2

Skill      XL: |  1  2  3  4  5  6  7  8  9 10 11 |
---------------+----------------------------------+-----
Spellcasting   | 3 4 5 7 8 9 10 11 | 11.1
Long Blades    | 3 5 6 7 8 9 |  9.4
Shields        | 1 4 5 6 |  6.0
Fighting       | 4 5 7 8 |  8.7
Dodging        | 1 |  1.6
Armour         | 1 |  1.4

Action                   |  1- 3 |  4- 6 |  7- 9 | 10-12 || total
-------------------------+-------+-------+-------+-------++-------
Melee: Falchion          |    46 |     1 |       |       ||    47
       Punch             |     1 |       |       |       ||     1
       Scimitar          |       |     2 |    24 |   163 ||   189
 Cast: Scorch            |    40 |    80 |   117 |   106 ||   343
       Foxfire           |       |     3 |    62 |    76 ||   141
       Searing Ray       |       |       |     2 |       ||     2
       Wereblood         |       |       |     1 |     7 ||     8
       Gell's Gravitas   |       |       |       |     6 ||     6
       Leda's Liquefacti |       |       |       |     2 ||     2
Evoke: Wand              |       |       |       |     1 ||     1
  Use: Scroll            |       |    11 |     1 |    19 ||    31
       Potion            |       |     3 |       |     1 ||     4
Armor: Robe              |    29 |     5 |     5 |       ||    39
       Ring mail         |       |       |    15 |       ||    15
       Steam dragon scal |       |       |     5 |    56 ||    61
Dodge: Dodged            |    44 |    20 |    38 |    99 ||   201
Block: Buckler           |       |       |     6 |    48 ||    54
